Sabres vs MapleLeafs

Created - April 13 2011 at 17:26

Goals
1 2 3 T
Sabres 0 2 1 3
MapleLeafs 3 1 2 6
Shots
1 2 3 T
Sabres 5 12 12 29
MapleLeafs 14 5 13 32

Period #1

1. MapleLeafs , Mike Modano 1 (Drew Doughty, Evgeni Malkin) at 4:11 (PP)
2. MapleLeafs , Drew Doughty 1 (Evgeni Malkin, Vincent Lecavalier) at 4:55 (PP)
3. MapleLeafs , Marian Hossa 1 (Vincent Lecavalier) at 8:02 (PP)

Penalties :
Tuomo Ruutu (BUF) for Roughing (Double Minor) at 1:38, David Legwand (BUF) for Hooking (Minor) at 3:43, Mike Richards (BUF) for Hooking (Minor) at 7:48, Luke Schenn (BUF) for Tripping (Minor) at 13:09

Period #2

4. MapleLeafs , Patrick Marleau 1 (Vincent Lecavalier) at 0:06
5. Sabres , Troy Brouwer 1 (Brian Gionta, Tyler Myers) at 6:17
6. Sabres , Trevor Daley 1 (Eric Fehr, Johan Franzen) at 14:43

Penalties :
Shaone Morrisonn (TOR) for High sticking (Minor) at 1:34, Radek Martinek (TOR) for Hooking (Minor) at 8:22, Radek Martinek (TOR) for Hooking (Minor) at 15:07, Chris Phillips (BUF) for Interference (Minor) at 18:50

Period #3

7. MapleLeafs , Patrick Marleau 2 (Evgeni Malkin, Vincent Lecavalier) at 0:50
8. Sabres , Ryan Kesler 2 (Teemu Selanne, Chris Phillips) at 3:45
9. MapleLeafs , Marian Hossa 2 (Evgeni Malkin, Kyle Cumiskey) at 12:51

Penalties :
Shaone Morrisonn (TOR) for Fighting (Major) at 0:24, Mike Richards (BUF) for Fighting (Major) at 0:24, Tuomo Ruutu (BUF) for High sticking (Minor) at 3:53, Radek Martinek (TOR) for Hooking (Minor) at 6:57, Drew Doughty (TOR) for Roughing (Minor) at 13:02, John Mitchell (TOR) for Slashing (Minor) at 19:16

Goalie Stats

Evgeni Nabokov (BUF), 16 saves from 21 shots - (0.762), L, 1-1-0, 40:50 minutes
Martin Biron (BUF), 10 saves from 11 shots - (0.909), 19:10 minutes
Ryan Miller (TOR), 26 saves from 29 shots - (0.897), W, 1-1-0, 60:00 minutes

Players Stats

Sabres
Player Name              G  A  P  +/- PIM S  H  SB FO    MP 
------------------------------------------------------------
Brian Gionta             0  1  1   0  0   4  1  1  1/4   18 
Chris Phillips           0  1  1   0  2   0  1  1  0/0   19 
David Legwand            0  0  0   0  2   0  0  0  15/26 18 
Devin Setoguchi          0  0  0   0  0   1  1  0  0/1   13 
Eric Fehr                0  1  1   0  0   2  0  0  0/0   6  
James Neal               0  0  0   0  0   3  3  0  0/1   17 
Jeff Schultz             0  0  0   0  0   1  0  2  0/0   23 
Johan Franzen            0  1  1   0  0   3  0  0  0/1   6  
Kyle Quincey             0  0  0   0  0   2  1  2  0/0   20 
Luke Schenn              0  0  0   0  2   0  1  1  0/0   16 
Mike Richards            0  0  0   1  7   1  2  1  6/24  20 
Ryan Kesler              1  0  1  -1  0   3  2  0  11/28 24 
Teemu Selanne            0  1  1   0  0   2  0  0  1/3   19 
Trevor Daley             1  0  1   0  0   3  0  1  0/0   20 
Troy Brouwer             1  0  1   0  0   1  1  2  1/1   11 
Tuomo Ruutu              0  0  0   0  6   2  1  0  0/1   16 
Tyler Myers              0  1  1   0  0   1  0  2  0/0   22 
Victor Hedman            0  0  0   0  0   0  0  0  0/0   0  
MapleLeafs
Player Name              G  A  P  +/- PIM S  H  SB FO    MP 
------------------------------------------------------------
Anton Volchenkov         0  0  0   1  0   1  1  1  0/0   21 
Drew Doughty             1  1  2   0  2   2  2  2  0/0   23 
Evgeni Malkin            0  4  4   1  0   3  2  0  2/3   18 
Jason Arnott             0  0  0   1  0   1  1  0  12/20 19 
John Mitchell            0  0  0   0  2   1  1  0  2/7   8  
Jordin Tootoo            0  0  0  -1  0   1  3  0  1/1   15 
Kris Versteeg            0  0  0   0  0   5  2  0  1/4   16 
Kyle Cumiskey            0  1  1   1  0   0  1  0  0/0   21 
Marian Hossa             2  0  2   1  0   5  0  0  0/0   18 
Matt Greene              0  0  0  -1  0   0  2  2  0/0   14 
Mike Grier               0  0  0   0  0   2  0  0  1/1   8  
Mike Modano              1  0  1  -1  0   1  0  0  2/2   16 
Patrick Marleau          2  0  2   0  0   6  1  0  2/3   20 
Radek Martinek           0  0  0   1  6   0  2  0  0/0   16 
Shaone Morrisonn         0  0  0  -2  7   0  1  4  0/0   17 
Travis Moen              0  0  0   0  0   0  0  0  6/10  7  
Vernon Fiddler           0  0  0  -1  0   0  0  0  10/18 16 
Vincent Lecavalier       0  4  4   0  0   4  2  0  16/21 18 

3 Stars

1 - Evgeni Malkin (TOR)
2 - Marian Hossa (TOR)
3 - Vincent Lecavalier (TOR)

Power Play

Sabres - 0 on 6 Attempt(s) - 0.00%
MapleLeafs - 3 on 6 Attempt(s) - 50.00%

Penalty Kill

Sabres - 3 on 6 Attempt(s) - 50.00% - Score 0 goal in Penalty Kill
MapleLeafs - 6 on 6 Attempt(s) - 100.00% - Score 0 goal in Penalty Kill

Game Notes

Shaone Morrisonn and Mike Richards fight to a draw at 0:24 of 3rd period
Martin Biron enters game at 0:50 of 3rd period

Finance

Level 1 -- Attendance: 6500 (100.00%) -- Ticket Income $533,000.00
Level 2 -- Attendance: 5000 (100.00%) -- Ticket Income $210,000.00
Level 3 -- Attendance: 3500 (100.00%) -- Ticket Income $101,500.00
Level 4 -- Attendance: 2819 (100.00%) -- Ticket Income $39,466.00
Luxury Box -- Attendance: 1000 (100.00%) -- Ticket Income $190,000.00
Game was played at the Air Canada Center
Total Attendance: 18819 (100.00%)
Total Ticket Income: $1,126,423.00
Other Income: $337,926.94
Total Income: $1,464,350.00


Play by Play

Period #1

0:01 of 1st period - Vincent Lecavalier wins face-off versus Ryan Kesler in neutral zone.
0:31 of 1st period - James Neal is hit by Drew Doughty and loses puck.
1:29 of 1st period - Shot by Marian Hossa.
1:29 of 1st period - Stopped by Evgeni Nabokov without a rebound.
1:30 of 1st period - David Legwand wins face-off versus Vernon Fiddler in Sabres zone.
1:38 of 1st period - Double Minor Penalty to Tuomo Ruutu for Roughing.
1:39 of 1st period - David Legwand wins face-off versus Jason Arnott in Sabres zone.
1:39 of 1st period - David Legwand is hit by Jason Arnott.
1:51 of 1st period - Icing by Kyle Cumiskey.
1:52 of 1st period - Ryan Kesler wins face-off versus Kris Versteeg in MapleLeafs zone.
2:23 of 1st period - Marian Hossa is hit by Brian Gionta and loses puck.
3:36 of 1st period - Shot by Marian Hossa.
3:36 of 1st period - Stopped by Evgeni Nabokov without a rebound.
3:37 of 1st period - Ryan Kesler wins face-off versus Evgeni Malkin in Sabres zone.
3:43 of 1st period - Minor Penalty to David Legwand for Hooking.
3:44 of 1st period - Mike Modano wins face-off versus Ryan Kesler in Sabres zone.
4:09 of 1st period - Shot by Drew Doughty.
4:09 of 1st period - Shot Blocked by Trevor Daley.
4:11 of 1st period - Shot by Mike Modano.
4:11 of 1st period - Goal by Mike Modano - Sabres : 0 - MapleLeafs : 1.
4:12 of 1st period - Jason Arnott wins face-off versus Brian Gionta in neutral zone.
4:39 of 1st period - Shot by Kris Versteeg.
4:39 of 1st period - Stopped by Evgeni Nabokov with a rebound.
4:41 of 1st period - Shot by Kyle Cumiskey.
4:41 of 1st period - Deflect By Kris Versteeg.
4:41 of 1st period - Stopped by Evgeni Nabokov without a rebound.
4:42 of 1st period - Vincent Lecavalier wins face-off versus Mike Richards in Sabres zone.
4:55 of 1st period - Shot by Drew Doughty.
4:55 of 1st period - Goal by Drew Doughty - Sabres : 0 - MapleLeafs : 2.
4:56 of 1st period - Mike Grier wins face-off versus David Legwand in neutral zone.
5:01 of 1st period - Shot by Mike Grier.
5:01 of 1st period - Stopped by Evgeni Nabokov without a rebound.
5:02 of 1st period - David Legwand wins face-off versus John Mitchell in Sabres zone.
5:02 of 1st period - David Legwand is hit by Jordin Tootoo.
5:48 of 1st period - Icing by Trevor Daley.
5:49 of 1st period - Jason Arnott wins face-off versus David Legwand in Sabres zone.
6:15 of 1st period - Icing by Kyle Cumiskey.
6:16 of 1st period - Jason Arnott wins face-off versus Ryan Kesler in MapleLeafs zone.
6:24 of 1st period - Icing by Chris Phillips.
6:25 of 1st period - Vincent Lecavalier wins face-off versus Ryan Kesler in Sabres zone.
6:49 of 1st period - Ryan Kesler is hit by Patrick Marleau and loses puck.
6:54 of 1st period - Anton Volchenkov is hit by Ryan Kesler and loses puck.
7:43 of 1st period - Shot by Mike Modano.
7:43 of 1st period - Shot Misses the Net.
7:48 of 1st period - Minor Penalty to Mike Richards for Hooking.
7:49 of 1st period - Vincent Lecavalier wins face-off versus Ryan Kesler in Sabres zone.
8:02 of 1st period - Shot by Marian Hossa.
8:02 of 1st period - Goal by Marian Hossa - Sabres : 0 - MapleLeafs : 3.
8:03 of 1st period - Jason Arnott wins face-off versus Mike Richards in neutral zone.
8:20 of 1st period - Shot by Evgeni Malkin.
8:20 of 1st period - Shot Blocked by Tyler Myers.
8:56 of 1st period - Shot by Teemu Selanne.
8:56 of 1st period - Shot Misses the Net.
10:33 of 1st period - Shot by Patrick Marleau.
10:33 of 1st period - Stopped by Evgeni Nabokov without a rebound.
10:34 of 1st period - Jason Arnott wins face-off versus Ryan Kesler in Sabres zone.
11:44 of 1st period - Off-side.
11:45 of 1st period - Vincent Lecavalier wins face-off versus Mike Richards in neutral zone.
12:17 of 1st period - Shot by Patrick Marleau.
12:17 of 1st period - Shot Blocked by Troy Brouwer.
12:23 of 1st period - Shot by Anton Volchenkov.
12:23 of 1st period - Shot Misses the Net.
12:25 of 1st period - Shot by Patrick Marleau.
12:25 of 1st period - Shot Blocked by Mike Richards.
12:27 of 1st period - Shot by Kris Versteeg.
12:27 of 1st period - Stopped by Evgeni Nabokov with a rebound.
12:29 of 1st period - Shot by Kris Versteeg.
12:29 of 1st period - Stopped by Evgeni Nabokov without a rebound.
12:30 of 1st period - John Mitchell wins face-off versus David Legwand in Sabres zone.
12:30 of 1st period - Patrick Marleau is hit by Luke Schenn and loses puck.
12:48 of 1st period - Devin Setoguchi is hit by Matt Greene and loses puck.
13:09 of 1st period - Minor Penalty to Luke Schenn for Tripping.
13:10 of 1st period - Jason Arnott wins face-off versus Ryan Kesler in Sabres zone.
13:18 of 1st period - Kris Versteeg is hit by Kyle Quincey and loses puck.
14:08 of 1st period - Shot by Patrick Marleau.
14:08 of 1st period - Shot Misses the Net.
14:10 of 1st period - Shot by Drew Doughty.
14:10 of 1st period - Shot Blocked by Chris Phillips.
15:01 of 1st period - Shot by Vincent Lecavalier.
15:01 of 1st period - Shot Blocked by Kyle Quincey.
15:03 of 1st period - Shot by Drew Doughty.
15:03 of 1st period - Shot Blocked by Kyle Quincey.
15:12 of 1st period - Off-side.
15:13 of 1st period - David Legwand wins face-off versus John Mitchell in neutral zone.
15:18 of 1st period - Shot by Tuomo Ruutu.
15:18 of 1st period - Stopped by Ryan Miller without a rebound.
15:19 of 1st period - Jordin Tootoo wins face-off versus Devin Setoguchi in MapleLeafs zone.
16:14 of 1st period - Off-side.
16:15 of 1st period - Evgeni Malkin wins face-off versus Mike Richards in neutral zone.
16:29 of 1st period - Shot by Brian Gionta.
16:29 of 1st period - Stopped by Ryan Miller without a rebound.
16:30 of 1st period - Kris Versteeg wins face-off versus Mike Richards in MapleLeafs zone.
16:39 of 1st period - Shot by Patrick Marleau.
16:39 of 1st period - Stopped by Evgeni Nabokov without a rebound.
16:40 of 1st period - Jason Arnott wins face-off versus Ryan Kesler in Sabres zone.
17:24 of 1st period - Icing by Chris Phillips.
17:25 of 1st period - Vincent Lecavalier wins face-off versus Ryan Kesler in Sabres zone.
17:28 of 1st period - Shot by Patrick Marleau.
17:28 of 1st period - Stopped by Evgeni Nabokov without a rebound.
17:29 of 1st period - Vincent Lecavalier wins face-off versus Brian Gionta in Sabres zone.
17:50 of 1st period - Shot by Brian Gionta.
17:50 of 1st period - Stopped by Ryan Miller without a rebound.
17:51 of 1st period - Vernon Fiddler wins face-off versus David Legwand in MapleLeafs zone.
17:51 of 1st period - Vernon Fiddler is hit by Tuomo Ruutu.
18:13 of 1st period - Shot by Devin Setoguchi.
18:13 of 1st period - Stopped by Ryan Miller without a rebound.
18:14 of 1st period - Vincent Lecavalier wins face-off versus Mike Richards in MapleLeafs zone.
18:19 of 1st period - Shot by Brian Gionta.
18:19 of 1st period - Shot Blocked by Drew Doughty.
18:23 of 1st period - Shot by Kyle Quincey.
18:23 of 1st period - Stopped by Ryan Miller without a rebound.
18:24 of 1st period - Jason Arnott wins face-off versus Mike Richards in MapleLeafs zone.
18:37 of 1st period - Shot by Evgeni Malkin.
18:37 of 1st period - Shot Misses the Net.
18:41 of 1st period - Shot by Evgeni Malkin.
18:41 of 1st period - Stopped by Evgeni Nabokov without a rebound.
18:42 of 1st period - Vincent Lecavalier wins face-off versus Ryan Kesler in Sabres zone.
19:34 of 1st period - Icing by Chris Phillips.
19:35 of 1st period - Teemu Selanne wins face-off versus Vernon Fiddler in Sabres zone.
19:35 of 1st period - Teemu Selanne is hit by Jordin Tootoo.
19:55 of 1st period - Shot by Mike Modano.
19:55 of 1st period - Shot Blocked by Troy Brouwer.
19:59 of 1st period - Shot by Vernon Fiddler.
19:59 of 1st period - Shot Misses the Net.

Period #2

0:01 of 2nd period - Vincent Lecavalier wins face-off versus Teemu Selanne in neutral zone.
0:06 of 2nd period - Shot by Patrick Marleau.
0:06 of 2nd period - Goal by Patrick Marleau - Sabres : 0 - MapleLeafs : 4.
0:07 of 2nd period - Troy Brouwer wins face-off versus Jason Arnott in neutral zone.
0:50 of 2nd period - Shot by Tyler Myers.
0:50 of 2nd period - Shot Misses the Net.
1:25 of 2nd period - Shot by Teemu Selanne.
1:25 of 2nd period - Stopped by Ryan Miller without a rebound.
1:26 of 2nd period - David Legwand wins face-off versus Vernon Fiddler in MapleLeafs zone.
1:33 of 2nd period - Shot by Devin Setoguchi.
1:33 of 2nd period - Shot Blocked by Shaone Morrisonn.
1:34 of 2nd period - Minor Penalty to Shaone Morrisonn for High sticking.
1:35 of 2nd period - Travis Moen wins face-off versus Mike Richards in MapleLeafs zone.
1:59 of 2nd period - Icing by Brian Gionta.
2:00 of 2nd period - Vernon Fiddler wins face-off versus Mike Richards in Sabres zone.
2:21 of 2nd period - Icing by Ryan Kesler.
2:22 of 2nd period - Vernon Fiddler wins face-off versus James Neal in Sabres zone.
2:23 of 2nd period - Shot by Anton Volchenkov.
2:23 of 2nd period - Stopped by Evgeni Nabokov with a rebound.
2:39 of 2nd period - Icing by Jeff Schultz.
2:40 of 2nd period - Ryan Kesler wins face-off versus Travis Moen in Sabres zone.
2:40 of 2nd period - Ryan Kesler is hit by John Mitchell.
2:48 of 2nd period - Travis Moen is hit by James Neal and loses puck.
2:57 of 2nd period - Shot by Ryan Kesler.
2:57 of 2nd period - Stopped by Ryan Miller without a rebound.
2:58 of 2nd period - Mike Richards wins face-off versus Vernon Fiddler in MapleLeafs zone.
2:59 of 2nd period - Shot by Trevor Daley.
2:59 of 2nd period - Stopped by Ryan Miller without a rebound.
3:00 of 2nd period - Vernon Fiddler wins face-off versus Mike Richards in MapleLeafs zone.
3:50 of 2nd period - Shot by James Neal.
3:50 of 2nd period - Stopped by Ryan Miller without a rebound.
3:51 of 2nd period - Jason Arnott wins face-off versus Mike Richards in MapleLeafs zone.
4:13 of 2nd period - Shot by Eric Fehr.
4:13 of 2nd period - Stopped by Ryan Miller without a rebound.
4:14 of 2nd period - Vincent Lecavalier wins face-off versus Ryan Kesler in MapleLeafs zone.
4:24 of 2nd period - Drew Doughty is hit by James Neal.
5:32 of 2nd period - Icing by Shaone Morrisonn.
5:33 of 2nd period - Vernon Fiddler wins face-off versus Mike Richards in MapleLeafs zone.
5:35 of 2nd period - Icing by Matt Greene.
5:36 of 2nd period - Mike Richards wins face-off versus Vernon Fiddler in MapleLeafs zone.
5:49 of 2nd period - Shot by Brian Gionta.
5:49 of 2nd period - Shot Misses the Net.
5:54 of 2nd period - Mike Richards is hit by Shaone Morrisonn and loses puck.
6:13 of 2nd period - Shot by Brian Gionta.
6:13 of 2nd period - Stopped by Ryan Miller with a rebound.
6:17 of 2nd period - Shot by Troy Brouwer.
6:17 of 2nd period - Goal by Troy Brouwer - Sabres : 1 - MapleLeafs : 4.
6:18 of 2nd period - Ryan Kesler wins face-off versus Jason Arnott in neutral zone.
6:30 of 2nd period - Off-side.
6:31 of 2nd period - Vincent Lecavalier wins face-off versus David Legwand in neutral zone.
7:48 of 2nd period - Shot by Marian Hossa.
7:48 of 2nd period - Shot Misses the Net.
8:22 of 2nd period - Minor Penalty to Radek Martinek for Hooking.
8:23 of 2nd period - Mike Richards wins face-off versus Travis Moen in MapleLeafs zone.
8:34 of 2nd period - Shot by Brian Gionta.
8:34 of 2nd period - Deflect By Tuomo Ruutu.
8:34 of 2nd period - Shot Blocked by Shaone Morrisonn.
8:36 of 2nd period - Shot by Kyle Quincey.
8:36 of 2nd period - Shot Misses the Net.
8:40 of 2nd period - Shot by Brian Gionta.
8:40 of 2nd period - Shot Misses the Net.
8:42 of 2nd period - Shot by Mike Richards.
8:42 of 2nd period - Deflect By Brian Gionta.
8:42 of 2nd period - Shot Blocked by Shaone Morrisonn.
8:44 of 2nd period - Shot by Kyle Quincey.
8:44 of 2nd period - Stopped by Ryan Miller without a rebound.
8:45 of 2nd period - Vernon Fiddler wins face-off versus Ryan Kesler in MapleLeafs zone.
8:53 of 2nd period - Teemu Selanne is hit by Anton Volchenkov and loses puck.
10:21 of 2nd period - John Mitchell is hit by Troy Brouwer and loses puck.
11:39 of 2nd period - Icing by Chris Phillips.
11:40 of 2nd period - David Legwand wins face-off versus Kris Versteeg in Sabres zone.
11:40 of 2nd period - David Legwand is hit by Vincent Lecavalier.
11:54 of 2nd period - Shot by Vincent Lecavalier.
11:54 of 2nd period - Stopped by Evgeni Nabokov without a rebound.
11:55 of 2nd period - Mike Richards wins face-off versus John Mitchell in Sabres zone.
11:57 of 2nd period - Icing by Eric Fehr.
11:58 of 2nd period - Jason Arnott wins face-off versus Johan Franzen in Sabres zone.
11:59 of 2nd period - Shot by Marian Hossa.
11:59 of 2nd period - Shot Misses the Net.
12:35 of 2nd period - Shot by Eric Fehr.
12:35 of 2nd period - Deflect By Mike Richards.
12:35 of 2nd period - Shot Misses the Net.
12:37 of 2nd period - Shot by Tyler Myers.
12:37 of 2nd period - Shot Hit the Post.
12:41 of 2nd period - Shot by Mike Richards.
12:41 of 2nd period - Stopped by Ryan Miller without a rebound.
12:42 of 2nd period - Ryan Kesler wins face-off versus Vincent Lecavalier in MapleLeafs zone.
12:43 of 2nd period - Shot by Teemu Selanne.
12:43 of 2nd period - Shot Misses the Net.
12:53 of 2nd period - Jeff Schultz is hit by Vincent Lecavalier and loses puck.
14:22 of 2nd period - Shot by Johan Franzen.
14:22 of 2nd period - Shot Blocked by Matt Greene.
14:39 of 2nd period - Shot by Eric Fehr.
14:39 of 2nd period - Shot Blocked by Shaone Morrisonn.
14:41 of 2nd period - Shot by Trevor Daley.
14:41 of 2nd period - Stopped by Ryan Miller with a rebound.
14:43 of 2nd period - Shot by Trevor Daley.
14:43 of 2nd period - Goal by Trevor Daley - Sabres : 2 - MapleLeafs : 4.
14:44 of 2nd period - David Legwand wins face-off versus Jason Arnott in neutral zone.
14:44 of 2nd period - David Legwand is hit by Evgeni Malkin.
14:47 of 2nd period - Luke Schenn is hit by Radek Martinek and loses puck.
15:02 of 2nd period - Shot by Luke Schenn.
15:02 of 2nd period - Deflect By Tuomo Ruutu.
15:02 of 2nd period - Shot Misses the Net.
15:06 of 2nd period - Shot by David Legwand.
15:06 of 2nd period - Shot Misses the Net.
15:07 of 2nd period - Minor Penalty to Radek Martinek for Hooking.
15:08 of 2nd period - Travis Moen wins face-off versus Mike Richards in MapleLeafs zone.
15:33 of 2nd period - Shot by Mike Richards.
15:33 of 2nd period - Shot Misses the Net.
15:43 of 2nd period - Jason Arnott is hit by Mike Richards.
16:45 of 2nd period - Shot by Patrick Marleau.
16:45 of 2nd period - Stopped by Evgeni Nabokov without a rebound.
16:46 of 2nd period - Mike Richards wins face-off versus Travis Moen in Sabres zone.
17:19 of 2nd period - Shot by Kris Versteeg.
17:19 of 2nd period - Stopped by Evgeni Nabokov without a rebound.
17:20 of 2nd period - David Legwand wins face-off versus Vernon Fiddler in Sabres zone.
18:05 of 2nd period - Shot by Mike Richards.
18:05 of 2nd period - Shot Misses the Net.
18:37 of 2nd period - Icing by Chris Phillips.
18:38 of 2nd period - Jason Arnott wins face-off versus Ryan Kesler in Sabres zone.
18:40 of 2nd period - Evgeni Malkin is hit by Chris Phillips.
18:50 of 2nd period - Minor Penalty to Chris Phillips for Interference.
18:51 of 2nd period - Vincent Lecavalier wins face-off versus David Legwand in Sabres zone.
19:58 of 2nd period - Shot by Ryan Kesler.
19:58 of 2nd period - Stopped by Ryan Miller without a rebound.
19:59 of 2nd period - Patrick Marleau wins face-off versus David Legwand in MapleLeafs zone.

Period #3

0:01 of 3rd period - Vincent Lecavalier wins face-off versus Ryan Kesler in neutral zone.
0:12 of 3rd period - Shot by Evgeni Malkin.
0:12 of 3rd period - Stopped by Evgeni Nabokov without a rebound.
0:13 of 3rd period - Jason Arnott wins face-off versus David Legwand in Sabres zone.
0:14 of 3rd period - Shot by Kyle Cumiskey.
0:14 of 3rd period - Shot Misses the Net.
0:24 of 3rd period - Shaone Morrisonn and Mike Richards fight to a draw.
0:24 of 3rd period - Penalty to Shaone Morrisonn for Fighting.
0:24 of 3rd period - Penalty to Mike Richards for Fighting.
0:25 of 3rd period - Vincent Lecavalier wins face-off versus David Legwand in Sabres zone.
0:34 of 3rd period - Shot by Evgeni Malkin.
0:34 of 3rd period - Shot Blocked by Jeff Schultz.
0:48 of 3rd period - Shot by Patrick Marleau.
0:48 of 3rd period - Shot Misses the Net.
0:50 of 3rd period - Shot by Patrick Marleau.
0:50 of 3rd period - Goal by Patrick Marleau - Sabres : 2 - MapleLeafs : 5.
0:50 of 3rd period - Martin Biron enters game.
0:51 of 3rd period - David Legwand wins face-off versus Vernon Fiddler in neutral zone.
1:40 of 3rd period - Brian Gionta is hit by Jordin Tootoo.
2:03 of 3rd period - Shot by Marian Hossa.
2:03 of 3rd period - Stopped by Martin Biron with a rebound.
2:17 of 3rd period - Jason Arnott is hit by Ryan Kesler and loses puck.
2:35 of 3rd period - Off-side.
2:36 of 3rd period - David Legwand wins face-off versus Vincent Lecavalier in neutral zone.
2:41 of 3rd period - Shot by Teemu Selanne.
2:41 of 3rd period - Stopped by Ryan Miller without a rebound.
2:42 of 3rd period - Vincent Lecavalier wins face-off versus Teemu Selanne in MapleLeafs zone.
3:01 of 3rd period - Shot by Vincent Lecavalier.
3:01 of 3rd period - Stopped by Martin Biron without a rebound.
3:02 of 3rd period - David Legwand wins face-off versus John Mitchell in Sabres zone.
3:17 of 3rd period - Off-side.
3:18 of 3rd period - Ryan Kesler wins face-off versus Vincent Lecavalier in neutral zone.
3:43 of 3rd period - Shot by Teemu Selanne.
3:43 of 3rd period - Shot Blocked by Anton Volchenkov.
3:45 of 3rd period - Shot by Ryan Kesler.
3:45 of 3rd period - Goal by Ryan Kesler - Sabres : 3 - MapleLeafs : 5.
3:46 of 3rd period - Brian Gionta wins face-off versus Jason Arnott in neutral zone.
3:51 of 3rd period - Shot by Johan Franzen.
3:51 of 3rd period - Stopped by Ryan Miller without a rebound.
3:52 of 3rd period - Vernon Fiddler wins face-off versus David Legwand in MapleLeafs zone.
3:52 of 3rd period - Vernon Fiddler is hit by Devin Setoguchi.
3:53 of 3rd period - Minor Penalty to Tuomo Ruutu for High sticking.
3:54 of 3rd period - David Legwand wins face-off versus Jason Arnott in Sabres zone.
4:03 of 3rd period - Shot by Brian Gionta.
4:03 of 3rd period - Stopped by Ryan Miller without a rebound.
4:04 of 3rd period - David Legwand wins face-off versus Vincent Lecavalier in MapleLeafs zone.
4:11 of 3rd period - Shot by Brian Gionta.
4:11 of 3rd period - Shot Blocked by Drew Doughty.
4:25 of 3rd period - Shot by Evgeni Malkin.
4:25 of 3rd period - Stopped by Martin Biron without a rebound.
4:26 of 3rd period - Ryan Kesler wins face-off versus Kris Versteeg in Sabres zone.
4:26 of 3rd period - Ryan Kesler is hit by Kris Versteeg.
4:48 of 3rd period - Shot by Kyle Cumiskey.
4:48 of 3rd period - Shot Misses the Net.
4:50 of 3rd period - Shot by Kyle Cumiskey.
4:50 of 3rd period - Shot Blocked by Brian Gionta.
4:52 of 3rd period - Shot by Jason Arnott.
4:52 of 3rd period - Shot Misses the Net.
4:56 of 3rd period - Shot by Jason Arnott.
4:56 of 3rd period - Shot Blocked by Tyler Myers.
5:31 of 3rd period - Shot by Drew Doughty.
5:31 of 3rd period - Stopped by Martin Biron with a rebound.
6:20 of 3rd period - Shot by Johan Franzen.
6:20 of 3rd period - Stopped by Ryan Miller with a rebound.
6:41 of 3rd period - Eric Fehr is hit by Radek Martinek and loses puck.
6:49 of 3rd period - Icing by Kyle Cumiskey.
6:50 of 3rd period - Ryan Kesler wins face-off versus Jason Arnott in MapleLeafs zone.
6:57 of 3rd period - Shot by James Neal.
6:57 of 3rd period - Stopped by Ryan Miller without a rebound.
6:57 of 3rd period - Minor Penalty to Radek Martinek for Hooking.
6:58 of 3rd period - Vernon Fiddler wins face-off versus Mike Richards in MapleLeafs zone.
7:04 of 3rd period - Icing by Trevor Daley.
7:05 of 3rd period - Vernon Fiddler wins face-off versus Mike Richards in Sabres zone.
7:06 of 3rd period - Shot by Jason Arnott.
7:06 of 3rd period - Stopped by Martin Biron without a rebound.
7:07 of 3rd period - Vernon Fiddler wins face-off versus Ryan Kesler in Sabres zone.
7:28 of 3rd period - Shot by James Neal.
7:28 of 3rd period - Stopped by Ryan Miller without a rebound.
7:29 of 3rd period - Travis Moen wins face-off versus Brian Gionta in MapleLeafs zone.
8:25 of 3rd period - Shot by Tyler Myers.
8:25 of 3rd period - Stopped by Ryan Miller without a rebound.
8:26 of 3rd period - Travis Moen wins face-off versus Ryan Kesler in MapleLeafs zone.
9:21 of 3rd period - Shot by Tuomo Ruutu.
9:21 of 3rd period - Stopped by Ryan Miller with a rebound.
9:33 of 3rd period - Devin Setoguchi is hit by Evgeni Malkin and loses puck.
9:49 of 3rd period - Icing by Luke Schenn.
9:50 of 3rd period - David Legwand wins face-off versus Patrick Marleau in Sabres zone.
10:10 of 3rd period - Icing by Trevor Daley.
10:11 of 3rd period - John Mitchell wins face-off versus Tuomo Ruutu in Sabres zone.
10:18 of 3rd period - Shot by John Mitchell.
10:18 of 3rd period - Stopped by Martin Biron with a rebound.
10:22 of 3rd period - Shot by Mike Grier.
10:22 of 3rd period - Stopped by Martin Biron with a rebound.
10:26 of 3rd period - Shot by Mike Grier.
10:26 of 3rd period - Deflect By John Mitchell.
10:26 of 3rd period - Shot Misses the Net.
10:30 of 3rd period - Shot by Mike Grier.
10:30 of 3rd period - Shot Blocked by Luke Schenn.
11:00 of 3rd period - Shot by Patrick Marleau.
11:00 of 3rd period - Shot Misses the Net.
11:17 of 3rd period - Shot by Patrick Marleau.
11:17 of 3rd period - Shot Misses the Net.
12:42 of 3rd period - Kyle Cumiskey is hit by Mike Richards and loses puck.
12:51 of 3rd period - Shot by Marian Hossa.
12:51 of 3rd period - Goal by Marian Hossa - Sabres : 3 - MapleLeafs : 6.
12:52 of 3rd period - Ryan Kesler wins face-off versus Vincent Lecavalier in neutral zone.
12:52 of 3rd period - Ryan Kesler is hit by Kris Versteeg.
13:01 of 3rd period - Teemu Selanne is hit by Drew Doughty and loses puck.
13:02 of 3rd period - Minor Penalty to Drew Doughty for Roughing.
13:03 of 3rd period - Ryan Kesler wins face-off versus Travis Moen in MapleLeafs zone.
14:15 of 3rd period - Icing by Chris Phillips.
14:16 of 3rd period - Travis Moen wins face-off versus Mike Richards in Sabres zone.
14:22 of 3rd period - Icing by Kyle Quincey.
14:23 of 3rd period - Mike Richards wins face-off versus Vernon Fiddler in Sabres zone.
15:00 of 3rd period - Shot by James Neal.
15:00 of 3rd period - Shot Misses the Net.
15:02 of 3rd period - Shot by Jeff Schultz.
15:02 of 3rd period - Stopped by Ryan Miller without a rebound.
15:03 of 3rd period - Patrick Marleau wins face-off versus Mike Richards in MapleLeafs zone.
15:22 of 3rd period - Shot by Vincent Lecavalier.
15:22 of 3rd period - Stopped by Martin Biron without a rebound.
15:23 of 3rd period - Evgeni Malkin wins face-off versus David Legwand in Sabres zone.
15:37 of 3rd period - David Legwand is hit by Kyle Cumiskey and loses puck.
16:23 of 3rd period - Shot by Kris Versteeg.
16:23 of 3rd period - Deflect By Vincent Lecavalier.
16:23 of 3rd period - Stopped by Martin Biron with a rebound.
16:54 of 3rd period - Anton Volchenkov is hit by James Neal and loses puck.
17:50 of 3rd period - Off-side.
17:51 of 3rd period - Mike Modano wins face-off versus Mike Richards in neutral zone.
18:00 of 3rd period - Shot by Vernon Fiddler.
18:00 of 3rd period - Shot Blocked by Jeff Schultz.
18:02 of 3rd period - Shot by Mike Modano.
18:02 of 3rd period - Deflect By Jordin Tootoo.
18:02 of 3rd period - Stopped by Martin Biron without a rebound.
18:03 of 3rd period - Ryan Kesler wins face-off versus Jason Arnott in Sabres zone.
18:28 of 3rd period - Shot by Ryan Kesler.
18:28 of 3rd period - Shot Misses the Net.
19:00 of 3rd period - Shot by Eric Fehr.
19:00 of 3rd period - Stopped by Ryan Miller with a rebound.
19:02 of 3rd period - Shot by Mike Richards.
19:02 of 3rd period - Shot Blocked by Matt Greene.
19:06 of 3rd period - Shot by Johan Franzen.
19:06 of 3rd period - Stopped by Ryan Miller without a rebound.
19:07 of 3rd period - David Legwand wins face-off versus John Mitchell in MapleLeafs zone.
19:07 of 3rd period - David Legwand is hit by Matt Greene.
19:09 of 3rd period - Shot by Trevor Daley.
19:09 of 3rd period - Shot Misses the Net.
19:16 of 3rd period - Minor Penalty to John Mitchell for Slashing.
19:17 of 3rd period - Travis Moen wins face-off versus Ryan Kesler in MapleLeafs zone.


Output by the SimonT Hockey Simulator (STHS) for Stephane Roy -- Original Page W3C XHTML 1.0 Valid